 Dungeon Crawl Stone Soup version 0.30.1-9-gdf580d7c3d (webtiles) character file.

Game seed: 14704830026938952737

249 KittyFluff the Cudgeller (level 6, -3/38 HPs)
             Began as a Gargoyle Berserker on Oct 8, 2023.
             Was a Believer of Trog.
             Killed from afar by Dowan (8 damage)
             ... with a shard of ice
             ... on level 4 of the Dungeon.
             The game lasted 00:11:17 (2700 turns).

KittyFluff the Cudgeller (Gargoyle Berserker)       Turns: 2700, Time: 00:11:18

Health: -3/38      AC: 11    Str: 23    XL:     6   Next: 12%
Magic:  6/6        EV: 12    Int:  7    God:    Trog [**....]
Gold:   164        SH:  0    Dex:  9    Spells: 5/5 levels left

rFire   . . .        a - +0 mace
rCold   + . .        (no shield)
rNeg    + . .        w - +0 leather armour
rPois   ∞            t - +2 hat
rElec   +            i - +0 cloak
rCorr   .            (no gloves)
SInv    .            (no boots)
Will    .....        (no amulet)
Stlth   +            y - ring of protection from cold
HPRegen 0.26/turn    (no ring)
MPRegen 0.10/turn

%: no passive effects
@: on berserk cooldown, slowed, very slow
A: sickness immunity, AC +4, negative energy resistance 1, electricity
resistance, torment resistance 1, petrification resistance
a: Renounce Religion, Berserk, Trog's Hand


You were on level 4 of the Dungeon.
You worshipped Trog.
Trog was pleased with you.
You visited 1 branch of the dungeon, and saw 4 of its levels.

You collected 164 gold pieces.

Inventory:

Hand Weapons
 a - a +0 mace (weapon)
Missiles
 j - 4 poisoned darts
 l - 4 atropa-tipped darts
 B - 2 javelins (quivered)
Armour
 i - a +0 cloak (worn)
 t - a +2 hat (worn)
 w - a +0 leather armour (worn)
Jewellery
 y - a ring of protection from cold (left hand)
Scrolls
 b - a scroll of vulnerability {unknown}
 c - 2 scrolls of silence {unknown}
 e - a scroll of butterflies {unknown}
 f - 5 scrolls of identify {unknown}
 k - 3 scrolls of teleportation {unknown}
 q - a scroll of immolation {unknown}
 s - a scroll of enchant armour {unknown}
 u - 2 scrolls of magic mapping {unknown}
 x - a scroll of torment {unknown}
 A - a scroll of noise {unknown}
Potions
 d - a potion of attraction {unknown}
 g - a potion of lignification {unknown}
 h - a potion of might {unknown}
 m - 2 potions of curing {unknown}
 n - 2 potions of invisibility {unknown}
 o - a potion of mutation {unknown}
 p - a potion of cancellation {unknown}
 r - a potion of flight {unknown}
 v - 2 potions of ambrosia {unknown}
 z - 2 potions of heal wounds {unknown}


   Skills:
 + Level 4.2 Fighting
 * Level 4.5 Maces & Flails
 * Level 4.3 Armour
 + Level 2.4 Dodging


You had 5 spell levels left.
You didn't know any spells.
Your spell library was empty.

Dungeon Overview and Level Annotations

Branches:
Dungeon (4/15)
 Temple: D:4-7

Altars:
Dithmenos
Okawaru
Yredelemnul

Annotations:
D:3 1 runed translucent door
D:4 Dowan


Innate Abilities, Weirdness & Mutations

You are immune to sickness and miasma.
Your stone body is resilient. (AC +4)
You are immune to poison.
You resist negative energy. (rN+)
You are resistant to electric shocks. (rElec)
You are resistant to unholy torment.
You are immune to petrification.


Message History

Dowan gestures wildly while chanting.
Dowan blinks!
Unknown command.
Things that are here:
a +0 short sword; a +0 leather armour; the elf corpse of Duvessa You start resting.
Dowan is nearby!
Dowan barely misses you. Dowan hits you with a +0 dagger.
* * * LOW HITPOINT WARNING * * *
You barely miss Dowan. Dowan hits you but does no damage.
Dowan completely misses you. Dowan hits you but does no damage.
You barely miss Dowan. Dowan barely misses you. x2
Dowan gestures at you while chanting. The stone arrow hits you.
* * * LOW HITPOINT WARNING * * *
You sock Dowan!
Dowan is heavily wounded.
Dowan hits you but does no damage. Dowan closely misses you.
You closely miss Dowan.
Dowan is heavily wounded.
Dowan hits you but does no damage. Dowan barely misses you.
Dowan mumbles some strange words.
Dowan blinks!
Unknown command.
You start resting.
Dowan is nearby!
Dowan breathes, "And she was my only..."
Dowan closely misses you.
You closely miss Dowan.
Dowan is heavily wounded.
Dowan hits you with a +0 dagger.
* * * LOW HITPOINT WARNING * * *
Dowan hits you but does no damage. Dowan barely misses you.
You miss Dowan.
Dowan is heavily wounded.
Dowan closely misses you. Dowan hits you with a +0 dagger.
* * * LOW HITPOINT WARNING * * *
Dowan casts a spell at you. The shard of ice hits you! You partially resist.
You die...

.#..#..#......†#####........#
......##........# #........#
......######.##.####........#
..#...# #......###########
.... ###...[# .#.....##
#....# ##...... #.#.## #
.....# #..#)# .....###.
#.##@# #........ .. #e#
#.#<...###..#........#
###.#.........)........#
.)†.........e##........#
###........# ..(......#
##.##..... ##........#
#..##..... #........#
##.....###. #.........


You could see Dowan (fast).

Vanquished Creatures
  Duvessa (D:4)
  A howler monkey (D:4)
  2 gnolls (D:4)
  2 adders (D:2)
  An ufetubus (D:4)
  A worm (D:2)
  5 dart slugs
  4 orcs
  7 ball pythons
  7 endoplasms
  2 goblins
  8 hobgoblins
  3 jackals (D:3)
  2 quokkas
  2 bats
  7 frilled lizards
  A goblin zombie (D:3)
  11 kobolds
  4 rats
71 creatures vanquished.

Notes
Turn   | Place    | Note
-------+----------+-------------------------------------------
     0 | D:1      | KittyFluff the Gargoyle Berserker began the quest for the
                  | Orb.
     0 | D:1      | Reached XP level 1. HP: 14/14 MP: 1/1
   116 | D:1      | Reached XP level 2. HP: 19/19 MP: 2/2
   511 | D:1      | Reached XP level 3. HP: 13/23 MP: 3/3
  1252 | D:2      | Reached XP level 4. HP: 24/29 MP: 4/4
  1408 | D:2      | Found a faded altar of an unknown god.
  1907 | D:3      | Reached ** piety under Trog
  1994 | D:3      | Found a runed translucent door.
  1994 | D:3      | Noticed a human
  1995 | D:3      | Found a basalt altar of Yredelemnul.
  2130 | D:3      | Found a shadowy altar of Dithmenos.
  2513 | D:4      | Found an iron altar of Okawaru.
  2543 | D:4      | Reached XP level 5. HP: 22/33 MP: 5/5
  2626 | D:4      | Reached *** piety under Trog
  2661 | D:4      | Noticed Duvessa
  2662 | D:4      | Noticed Dowan
  2679 | D:4      | Killed Duvessa
  2680 | D:4      | Reached XP level 6. HP: 9/38 MP: 6/6
  2700 | D:4      | Killed from afar by Dowan

Illustrated notes

Levels and vault maps discovered:
D:1:      lightli_arrival_maybe_door_vault, layout_basic, chequers_arboretum,
          lexackson_kobold_supper
D:2:      layout_basic, hellmonk_ecumenical_altar_lost_god
D:3:      layout_rooms, dk_yredelemnul_ordeal, nicolae_dithmenos_the_darkroom,
          corexii_leaking_fountain, minmay_hedge_maze
D:4:      layout_rooms, okawaru_altar_gauntlet_db, serial_shops,
          nicolae_shop_rolling_square, kennysheep_generic_room_14, uniq_duvessa

Skill      XL: |  1  2  3  4  5 |
---------------+----------------+-----
Armour         | 3 4 |  4.3
Dodging        | 2 |  2.4
Maces & Flails | 4 |  4.5
Fighting       | 4 |  4.2

Action                     |  1- 3 |  4- 6 || total
---------------------------+-------+-------++-------
  Melee: Mace              |   117 |   160 ||   277
  Throw: Javelin           |       |     2 ||     2
 Invoke: Berserk           |     1 |     1 ||     2
   Stab: Sleeping          |     1 |     1 ||     2
 Armour: Animal skin       |    43 |       ||    43
         Leather armour    |       |    86 ||    86
  Dodge: Dodged            |    76 |   146 ||   222
